 Dungeon Crawl Stone Soup version 0.21.1-1-g345015fe64 (webtiles) character file.

165 Loge the Ruffian (level 5, 0/53 HPs)
             Began as a Troll Monk on July 18, 2018.
             Killed from afar by an orc wizard (4 damage)
             ... with a magic dart
             ... on level 3 of the Dungeon.
             The game lasted 00:02:30 (1277 turns).

Loge the Ruffian (Troll Monk)                       Turns: 1277, Time: 00:02:31

Health: 0/53       AC:  5    Str: 19    XL:     5   Next: 21%
Magic:  4/4        EV: 10    Int:  6    God:
Gold:   66         SH:  0    Dex: 13    Spells: 4/4 levels left

rFire    . . .     SeeInvis .     - Unarmed
rCold    . . .     Gourm    +   (no shield)
rNeg     . . .     Faith    .   a - +0 robe
rPois    .         Spirit   .   (helmet restricted)
rElec    .         Reflect  .   (no cloak)
rCorr    .         Harm     .   (gloves unavailable)
MR       .....                  (boots unavailable)
Stlth    ++........             (no amulet)
HPRegen  0.57/turn              (no ring)
MPRegen  0.09/turn              (no ring)

@: slowed, very slow
A: large, unfitting armour, claws 3, fast metabolism 3, gourmand, regeneration
1, shaggy fur 1, tough skin 2
a: no special abilities


You were on level 3 of the Dungeon.
You were completely stuffed.

You visited 1 branch of the dungeon, and saw 3 of its levels.

You collected 66 gold pieces.

Inventory:

Missiles
 d - 36 stones (quivered)
 h - 12 poisoned needles
 i - 6 large rocks
Armour
 a - a +0 robe (worn)
Scrolls
 f - a scroll of enchant armour {unknown}
 j - 3 scrolls of remove curse {unknown}
 l - a scroll of identify {unknown}
 m - a scroll of blinking {unknown}
 o - a scroll of teleportation {unknown}
Potions
 e - 2 potions of brilliance {unknown}
 g - 2 potions of haste {unknown}
 k - a potion of resistance {unknown}
 n - 2 potions of ambrosia {unknown}
Comestibles
 b - 4 rations
 c - 10 chunks of flesh


   Skills:
 + Level 3.4 Fighting
 - Level 2.4 Dodging
 - Level 1.0 Stealth
 * Level 5.1 Unarmed Combat


You had 4 spell levels left.
You didn't know any spells.

Dungeon Overview and Level Annotations

Branches:
Dungeon (3/15)

Altars:
Ashenzari


Innate Abilities, Weirdness & Mutations

You are too large for most types of armour.
You have claws for hands.
Your metabolism is lightning-fast.
You like to eat raw meat.
Your natural rate of healing is unusually fast.
You are covered in fur. (AC +1)
You have very tough skin. (AC +2)


Message History

You claw the orc!
You kill the orc!
The orc wizard gestures at you while chanting.
The magic dart hits you! The orc hits you with a hand axe.
You are too injured to fight recklessly!
You are too injured to fight recklessly!
You are too injured to fight recklessly!
The orc wizard casts a spell at you. The magic dart hits you!
The orc wizard casts a spell at you.
You feel yourself slow down.
The orc wizard gestures at you while chanting.
The magic dart hits you!
* * * LOW HITPOINT WARNING * * *
The orc wizard casts a spell at you. The magic dart hits you!
* * * LOW HITPOINT WARNING * * *
The orc wizard casts a spell at you. The magic dart hits you!
You die...

.......(........=
..................
.........w..o....
.............g#.####
............).†.....#
#...............8....#
#..........$o..8.8...#
#.............8†_.8..#+#
....).....@o..8.8......
#(............8†......
#.....................
#......#+##...........
#......# #.....###...
#......# #.....# ..
#...#### #.....# . #...#
#......
####...####+####..


You could see 2 orc wizards, a dart slug, an orc and a goblin.

Vanquished Creatures
  An orc wizard (D:3)
  Jessica (D:2)
  Natasha (D:3)
  2 adders (D:2)
  2 worms (D:2)
  A dart slug (D:1)
  6 orcs (D:3)
  6 bats
  4 giant cockroaches
  2 goblins
  6 hobgoblins (D:1)
  3 jackals (D:2)
  2 quokkas
  2 ball pythons
  3 frilled lizards
  4 kobolds
  8 rats
54 creatures vanquished.

Notes
Turn   | Place    | Note
-------+----------+-------------------------------------------
     0 | D:1      | Loge the Troll Monk began the quest for the Orb.
     0 | D:1      | Reached XP level 1. HP: 22/22 MP: 0/0
   108 | D:1      | Reached XP level 2. HP: 28/29 MP: 1/1
   565 | D:2      | Reached skill level 4 in Unarmed Combat
   565 | D:2      | Reached XP level 3. HP: 35/36 MP: 2/2
   670 | D:2      | Found a shattered altar of Ashenzari.
  1035 | D:2      | Noticed Jessica
  1041 | D:2      | Killed Jessica
  1041 | D:2      | Reached XP level 4. HP: 38/45 MP: 3/3
  1252 | D:3      | Found a faded altar of an unknown god.
  1255 | D:3      | Noticed Natasha
  1259 | D:3      | Reached skill level 5 in Unarmed Combat
  1269 | D:3      | Killed Natasha
  1269 | D:3      | Reached XP level 5. HP: 35/53 MP: 4/4
  1277 | D:3      | Killed from afar by an orc wizard

Skill      XL: |  1  2  3  4 |
---------------+-------------+-----
Unarmed Combat | 4 5 |  5.1
Fighting       | 3 |  3.4
Dodging        | |  2.4
Stealth        | |  1.0

Action                   |  1- 3 |  4- 6 || total
-------------------------+-------+-------++-------
Melee: Unarmed           |   124 |    25 ||   149
       Punch             |     1 |       ||     1
 Stab: Sleeping          |     4 |       ||     4
       Distracted        |     1 |       ||     1
  Eat: Chunk             |    15 |     2 ||    17
Armor: Robe              |    48 |    10 ||    58
Dodge: Dodged            |    80 |    11 ||    91
